 Dungeon Crawl Stone Soup version 0.31-a0-1227-g0136665373 (console) character file.

Game seed: 2197910680669955062

99190 jejorda2 the Cleaver (level 16, -2/129 HPs)
             Began as a Gnoll Berserker on Dec 14, 2023.
             Was an Elder of Trog.
             Slain by a vampire knight
             ... wielding a +0 great sword
              (16 damage)
             ... on level 15 of the Dungeon.
             The game lasted 01:21:11 (27985 turns).

jejorda2 the Cleaver (Gnoll Berserker)             Turns: 27985, Time: 01:21:12

Health: -2/129     AC: 25    Str: 24    XL:     16   Next: 24%
Magic:  5/30       EV: 15    Int:  7    God:    Trog [****..]
Gold:   1030       SH:  0    Dex: 12    Spells: 36/36 levels left

rFire   + . .        b - +6 war axe (freeze)
rCold   + . .        (no shield)
rNeg    . . .        T - +7 Kryia's mail coat {PotionHeal*2 rC+}
rPois   +            j - +0 helmet
rElec   .            D - +2 cloak
rCorr   .            N - +1 pair of gloves {infuse}
SInv    .            R - +0 pair of boots
Will    +++..        k - amulet of the acrobat
Stlth   +++          X - ring of poison resistance
HPRegen 1.41/turn    n - ring of protection from fire
MPRegen 0.22/turn

%: acrobat, infuse magic (1 MP)
@: strong-willed, on berserk cooldown, regenerating, slowed, very slow
A: fangs 1, strong nose, distributed training
a: Renounce Religion, Berserk, Trog's Hand, Brothers in Arms


You were on level 15 of the Dungeon.
You worshipped Trog.
Trog was greatly pleased with you.
You visited 2 branches of the dungeon, and saw 20 of its levels.
You also visited: Ossuary, Gauntlet and Ice Cave.

You collected 1775 gold pieces.
You spent 745 gold pieces at shops.

Inventory:

Hand Weapons
 a - a +1 heavy dire flail
 b - a +6 war axe of freezing (weapon)
 z - the +10 scimitar of Darkness {drain, rElec rPois rC++ Will+}
   (You found it in a Gauntlet)

   rC++:      It greatly protects you from cold.
   rElec:     It insulates you from electricity.
   rPois:     It protects you from poison Will+: It increases your willpower.
 K - a +2 battleaxe
Missiles
 c - 4 throwing nets
 r - 27 poisoned darts
 y - 14 boomerangs
 E - 4 curare-tipped darts
 G - 4 silver javelins
 H - 5 atropa-tipped darts
Armour
 j - a +0 helmet (worn)
 u - a +4 chain mail of poison resistance
 D - a +2 cloak (worn)
 N - a +1 pair of gloves of infusion (worn)
 R - a +0 pair of boots (worn)
 T - the +7 Kryia's mail coat (worn) {PotionHeal*2 rC+}
   (You found it on level 12 of the Dungeon)

   PotionHeal*2: Potions heal its wearer twice as much.
   rC+:       It protects you from cold.
Jewellery
 e - a ring of willpower
 k - an amulet of the acrobat (around neck)
 l - a ring of resist corrosion
 n - a ring of protection from fire (right hand)
 O - a ring of flight
 U - a +5 ring of evasion
 X - a ring of poison resistance (left hand)
Wands
 o - a wand of polymorph (8)
 t - a wand of flame (33)
 w - a wand of paralysis (3)
 x - a wand of mindburst (54)
 I - a wand of iceblast (7)
 Q - a wand of quicksilver (6)
Scrolls
 i - 6 scrolls of identify
 p - 5 scrolls of poison
 C - 5 scrolls of fear
 F - a scroll of brand weapon {unknown}
 M - 3 scrolls of blinking
 P - 3 scrolls of immolation
 V - 10 scrolls of teleportation
 W - a scroll of revelation
Potions
 d - 6 potions of curing
 f - 5 potions of haste
 g - 3 potions of resistance
 h - 3 potions of attraction
 m - 2 potions of invisibility
 q - 5 potions of heal wounds
 s - a potion of cancellation
 v - 5 potions of might
 A - 5 potions of enlightenment
 B - 3 potions of mutation
Miscellaneous
 J - a condenser vane
 S - a phial of floods
 Y - a lightning rod (4/4)


   Skills:
 + Level 12.6 Fighting
 + Level 10.9 Short Blades
 + Level 10.9 Long Blades
 + Level 12.6 Axes
 + Level 10.9 Maces & Flails
 + Level 10.9 Polearms
 + Level 10.9 Staves
 + Level 10.9 Ranged Weapons
 + Level 10.9 Throwing
 + Level 11.8 Armour
 + Level 11.8 Dodging
 + Level 10.9 Stealth
 + Level 10.9 Shields
 + Level 10.9 Unarmed Combat
 + Level 10.9 Spellcasting
 + Level 9.2 Conjurations
 + Level 9.2 Hexes
 + Level 9.2 Summonings
 + Level 9.2 Necromancy
 + Level 9.2 Translocations
 + Level 9.2 Transmutations
 + Level 9.2 Fire Magic
 + Level 9.2 Ice Magic
 + Level 9.2 Air Magic
 + Level 9.2 Earth Magic
 + Level 9.2 Poison Magic
 + Level 11.9 Invocations
 + Level 10.9 Evocations
 + Level 10.0 Shapeshifting


You had 36 spell levels left.
You didn't know any spells.
Your spell library was empty.

Dungeon Overview and Level Annotations

Branches:
Dungeon (15/15)            Temple (0/1) D:5            Lair (5/5) D:10
 Shoals (0/4) Lair:3       Spider (0/4) Lair:2        Slime (0/5) Lair:4
    Orc (0/2) D:9          Vaults (0/5) D:13         Depths (0/4) D:15
Ossuary (visited)           IceCv (visited)         Gauntlet (visited)

Altars:
Cheibriados
Elyvilon
Fedhas
Hepliaklqana
Kikubaaqudgha
Ru
Sif Muna
Trog
Uskayaw

Shops:
D:1 ![   D:9 (   D:13 =   D:14 [

Annotations:
D:5 1 runed translucent door
Lair:5 exclusion: oklob plant


Innate Abilities, Weirdness & Mutations

You have very sharp teeth.
Your uncanny sense of smell can sniff out nearby items.
Your experience applies equally to all skills.


Message History

You closely miss the fire elemental.
The fire elemental is heavily damaged.
You closely miss something. Something barely misses you.
Something closely misses you. The fire elemental hits you.
The fire elemental burns you! You resist. Something hits you.
Something bites you but does no damage. The fire elemental barely misses you.
Unknown command.
Unknown command.
You slash the fire elemental! You freeze the fire elemental.
You destroy the fire elemental!
The fire elemental disappears in a puff of smoke!
You hit something. Something hits you!! Something bites you.
Something draws strength from your injuries!
Something hits you. Something bites you but does no damage.
You barely miss the deep elf pyromancer.
The deep elf pyromancer is lightly wounded.
You barely miss something.
You hear some strange, mumbled words.
The deep elf pyromancer hits you but does no damage.
Something barely misses you. Something bites you.
Something draws strength from your injuries!
The deep elf pyromancer casts a spell at you.
The bolt of fire misses you.
The bolt of fire hits something!
You hit the deep elf pyromancer. You freeze the deep elf pyromancer.
The deep elf pyromancer is moderately wounded.
You hit something but do no damage. Something barely misses you.
Something closely misses you.
The deep elf pyromancer closely misses you.
Something hits you!! Something bites you!
* * * LOW HITPOINT WARNING * * *
Something draws strength from your injuries!
Your skin crawls.
You feel strong-willed. Something hits you!
* * * LOW HITPOINT WARNING * * *
Something bites you!
* * * LOW HITPOINT WARNING * * *
Something draws strength from your injuries!
The deep elf pyromancer misses you. Something hits you!
You die...

#..~≈≈#..# ∆
###...
#..≈≈≈#..# .
#.....
#..≈≈≈'.(# '.
#.....
#..≈≈≈#..# .#
#.....
#..~≈≈#(.##..#.
∆#.....
#..~~≈#......'.
######
#..~≈8#......#.
∆
#######e##'###
#...@†.#...
#...$..# ..#
#......#∆%.#
######## ##


You could see a deep elf pyromancer.

Vanquished Creatures
  Frances (D:12)
  Kirke (D:13)
  Louise (D:14)
  A reaper (IceCv)
  A stone giant (D:15)
  A minotaur (Gauntlet)
  Snorg (D:12)
  A fire dragon (Lair:5)
  4 hydras
  2 vault guards (D:13)
  Harold (D:10)
  A catoblepas (Lair:4)
  3 ogre magi (D:15)
  4 centaur warriors
  A death knight (D:15)
  4 two-headed ogres
  9 death yaks
  6 boulder beetles
  3 tengu warriors (D:15)
  Sonja (Lair:1)
  5 skeletal warriors (D:15)
  A pharaoh ant (Lair:2)
  3 lindwurms
  4 arcanists
  A deep elf pyromancer (D:12)
  A harpy (shapeshifter) (D:13)
  A necromancer (Gauntlet)
  The ghost of zeez the Trooper, a novice DjFE of Makhleb (D:5)
  10 ugly things
  2 cyclopes
  An oklob plant (Lair:2)
  Maurice (D:7)
  2 manticores
  2 merfolk sirens (Lair:3)
  A moth of wrath (Gauntlet)
  An ice statue (IceCv)
  9 black mambas
  8 elephants (Lair:4)
  A torpor snail (Gauntlet)
  Joseph (D:7)
  2 molten gargoyles (Lair:5)
  15 cane toads
  3 gargoyles
  5 rime drakes
  15 komodo dragons
  2 anaconda simulacra (IceCv)
  An efreet (D:15)
  4 yaktaurs (D:15)
  2 merfolk (Lair:3)
  5 trolls
  A freezing wraith (D:15)
  A troll (shapeshifter) (D:15)
  The ghost of wildpjah the Shooter, a novice SpHs of Dithmenos (D:6)
  2 polar bears
  15 blink frogs
  A raiju (shapeshifter) (D:15)
  8 slime creatures
  2 shadows (D:11)
  2 wraiths
  4 hogs (D:13)
  5 wyverns
  3 water elementals (D:13)
  A dire elephant simulacrum (IceCv)
  A vampire (D:11)
  57 yaks
  A spriggan (shapeshifter) (D:14)
  22 humans (D:13)
  Eustachio (D:5)
  3 redbacks
  A steam dragon (Lair:5)
  9 basilisks
  8 vampire mosquitoes
  2 harpy simulacra (IceCv)
  The ghost of ooooo the Conjurer, an amateur OpCj (D:4)
  3 acid dragons
  2 hydra simulacra (IceCv)
  3 hell hounds (Lair:5)
  11 water moccasins
  Duvessa (D:7)
  2 sky beasts
  3 orc warriors
  4 black bears
  2 ice beasts
  7 ogres
  6 centaurs
  10 wolves (Gauntlet)
  2 phantoms
  4 kobold brigands
  14 bullfrogs
  6 scorpions
  4 two-headed ogre simulacra (IceCv)
  2 water moccasin zombies (Ossuary)
  3 cane toad simulacra (IceCv)
  4 elf skeletons (D:5)
  A hornet simulacrum (D:15)
  9 wights
  Dowan (D:7)
  2 elephant simulacra (IceCv)
  10 killer bees (D:10)
  2 electric eels (Lair:1)
  6 howler monkeys
  5 lava snakes (Lair:5)
  3 hounds
  5 orc priests
  2 gnoll boudas
  Crazy Yiuf (D:4)
  5 jellies
  2 iguanas
  2 sleepcaps
  Natasha (thrice) (D:4)
  5 hell rats
  3 polar bear simulacra (IceCv)
  10 orc wizards
  4 spriggan simulacra (IceCv)
  3 troll simulacra (IceCv)
  2 wolf simulacra (IceCv)
  A crocodile zombie (Ossuary)
  A bullfrog simulacrum (Ossuary)
  A mummy (Ossuary)
  2 scorpion simulacra (D:4)
  9 adders
  15 gnolls
  8 river rats
  A hound simulacrum (D:4)
  9 naga simulacra (IceCv)
  A shadow imp (D:5)
  8 white imps
  6 ufetubi
  6 adder zombies (Ossuary)
  4 worms
  5 dart slugs
  An adder simulacrum (D:4)
  28 orcs
  10 endoplasms
  9 giant cockroaches
  6 gnoll zombies (Ossuary)
  7 goblins
  6 hobgoblins
  9 jackals
  6 quokkas
  7 ball pythons
  5 bats
  8 frilled lizards
  7 hobgoblin zombies (Ossuary)
  32 kobolds
  4 kobold zombies (Ossuary)
  An orc skeleton (D:5)
  8 orc zombies
  12 rats
  2 rat zombies (D:11)
733 creatures vanquished.

Vanquished Creatures (collateral kills)
  A two-headed ogre (D:15)
  2 ogres (D:15)
3 creatures vanquished.

Vanquished Creatures (others)
  An ugly thing (D:14)
  An orc wizard (D:7)
  A mummy (Ossuary)
3 creatures vanquished.

Grand Total: 739 creatures vanquished

Notes
Turn   | Place    | Note
-------+----------+-------------------------------------------
     0 | D:1      | jejorda2 the Gnoll Berserker began the quest for the Orb.
     0 | D:1      | Reached XP level 1. HP: 23/23 MP: 1/1
    54 | D:1      | Found Jistros's Antique Armour Emporium.
    88 | D:1      | Reached XP level 2. HP: 21/29 MP: 2/2
   657 | D:1      | Found Defewkao's Distillery.
   667 | D:1      | Reached XP level 3. HP: 35/35 MP: 3/3
   876 | D:1      | Reached ** piety under Trog
   958 | D:2      | Reached skill level 1 in Invocations
   997 | D:2      | Reached skill level 1 in Short Blades
   997 | D:2      | Reached skill level 1 in Long Blades
   997 | D:2      | Reached skill level 1 in Maces & Flails
   997 | D:2      | Reached skill level 1 in Polearms
   997 | D:2      | Reached skill level 1 in Staves
   997 | D:2      | Reached skill level 1 in Ranged Weapons
   997 | D:2      | Reached skill level 1 in Throwing
   997 | D:2      | Reached skill level 1 in Stealth
   997 | D:2      | Reached skill level 1 in Shields
   997 | D:2      | Reached skill level 1 in Unarmed Combat
   997 | D:2      | Reached skill level 1 in Spellcasting
   997 | D:2      | Reached skill level 1 in Evocations
  1009 | D:2      | Reached skill level 1 in Shapeshifting
  1009 | D:2      | Reached XP level 4. HP: 41/41 MP: 5/5
  1125 | D:2      | Reached skill level 1 in Conjurations
  1125 | D:2      | Reached skill level 1 in Hexes
  1125 | D:2      | Reached skill level 1 in Summonings
  1125 | D:2      | Reached skill level 1 in Necromancy
  1125 | D:2      | Reached skill level 1 in Translocations
  1125 | D:2      | Reached skill level 1 in Transmutations
  1125 | D:2      | Reached skill level 1 in Fire Magic
  1125 | D:2      | Reached skill level 1 in Ice Magic
  1125 | D:2      | Reached skill level 1 in Air Magic
  1125 | D:2      | Reached skill level 1 in Earth Magic
  1125 | D:2      | Reached skill level 1 in Poison Magic
  1183 | D:2      | Found a faded altar of an unknown god.
  1860 | D:3      | Noticed a centaur
  1871 | D:3      | Killed a centaur
  1872 | D:3      | Reached XP level 5. HP: 40/47 MP: 5/7
  1967 | D:3      | Reached XP level 6. HP: 53/53 MP: 8/8
  2042 | D:3      | Found a sacrificial altar of Ru.
  2186 | D:3      | Found a hazy altar of Hepliaklqana.
  2374 | D:4      | Noticed an ice beast
  2560 | D:4      | Reached skill level 5 in Armour
  2560 | D:4      | Reached skill level 5 in Dodging
  2639 | D:4      | Noticed ooooo's ghost (amateur OpCj)
  2653 | D:4      | Found a runed translucent gate.
  2689 | D:4      | Found a runed translucent gate.
  2689 | D:4      | Found a runed translucent gate.
  2717 | D:4      | Noticed Natasha
  2726 | D:4      | Killed Natasha
  2753 | D:4      | Noticed Natasha
  2763 | D:4      | Killed Natasha
  2768 | D:4      | Noticed Natasha
  2777 | D:4      | Killed Natasha
  3024 | D:4      | Reached XP level 7. HP: 36/54 MP: 10/10
  3263 | D:4      | Reached *** piety under Trog
  3545 | D:4      | Found a runed translucent door.
  3546 | D:4      | Noticed Crazy Yiuf
  3557 | D:4      | Killed Crazy Yiuf
  3848 | D:1      | Bought a glowing chain mail for 157 gold pieces
  3981 | D:5      | Entered Level 5 of the Dungeon
  3991 | D:5      | Found a runed translucent door.
  3998 | D:5      | Noticed zeez's ghost (novice DjFE)
  4063 | D:5      | Found a runed translucent door.
  4311 | D:5      | Reached XP level 8. HP: 67/67 MP: 12/12
  4314 | D:5      | Found a staircase to the Ecumenical Temple.
  4441 | D:5      | Found a sand-covered staircase.
  4446 | Ossuary  | Entered an ossuary
  4570 | Ossuary  | Reached **** piety under Trog
  5013 | D:5      | Noticed Eustachio
  5047 | D:5      | Killed Eustachio
  5525 | D:5      | Reached XP level 9. HP: 73/73 MP: 14/14
  5650 | D:5      | Killed zeez's ghost
  5971 | D:6      | Reached skill level 5 in Invocations
  6030 | D:6      | Found a large runed translucent door.
  6031 | D:6      | Found a large runed translucent door.
  6031 | D:6      | Noticed wildpjah's ghost (novice SpHs)
  6079 | D:6      | Found a white marble altar of Elyvilon.
  6158 | D:6      | Found a hide-covered altar of Uskayaw.
  6224 | D:6      | Reached ***** piety under Trog
  6232 | D:6      | Noticed a rust devil
  6246 | D:6      | Noticed a rust devil
  6460 | D:6      | Found a bloodstained altar of Trog.
  6480 | D:6      | Reached XP level 10. HP: 74/80 MP: 17/17
  6480 | D:6      | Found a shimmering blue altar of Sif Muna.
  6614 | D:6      | Killed wildpjah's ghost
  6615 | D:6      | Reached skill level 5 in Short Blades
  6615 | D:6      | Reached skill level 5 in Long Blades
  6615 | D:6      | Reached skill level 5 in Maces & Flails
  6615 | D:6      | Reached skill level 5 in Polearms
  6615 | D:6      | Reached skill level 5 in Staves
  6615 | D:6      | Reached skill level 5 in Ranged Weapons
  6615 | D:6      | Reached skill level 5 in Throwing
  6615 | D:6      | Reached skill level 5 in Stealth
  6615 | D:6      | Reached skill level 5 in Shields
  6615 | D:6      | Reached skill level 5 in Unarmed Combat
  6615 | D:6      | Reached skill level 5 in Spellcasting
  6615 | D:6      | Reached skill level 5 in Evocations
  6833 | D:7      | Noticed Maurice
  6849 | D:7      | Killed Maurice
  7038 | D:7      | Noticed Joseph
  7067 | D:7      | Killed Joseph
  7068 | D:7      | Reached skill level 5 in Shapeshifting
  7232 | D:7      | Noticed Duvessa
  7239 | D:7      | Killed Duvessa
  7260 | D:7      | Noticed Dowan
  7266 | D:7      | Identified the +1 long sword of the Immovable Thickets
                  | {heavy, *Noise rElec Will++ Str+3} (Trog gifted it to you
                  | on level 7 of the Dungeon)
  7266 | D:7      | Received a gift from Trog
  7280 | D:7      | Killed Dowan
  7372 | D:7      | Found a snail-covered altar of Cheibriados.
  7654 | D:4      | Identified the +2 scale mail of the Dozen Interlopers {rC+}
  7680 | D:4      | Killed ooooo's ghost
  7977 | D:8      | Reached XP level 11. HP: 77/87 MP: 19/19
  7983 | D:8      | Reached skill level 5 in Conjurations
  7983 | D:8      | Reached skill level 5 in Hexes
  7983 | D:8      | Reached skill level 5 in Summonings
  7983 | D:8      | Reached skill level 5 in Necromancy
  7983 | D:8      | Reached skill level 5 in Translocations
  7983 | D:8      | Reached skill level 5 in Transmutations
  7983 | D:8      | Reached skill level 5 in Fire Magic
  7983 | D:8      | Reached skill level 5 in Ice Magic
  7983 | D:8      | Reached skill level 5 in Air Magic
  7983 | D:8      | Reached skill level 5 in Earth Magic
  7983 | D:8      | Reached skill level 5 in Poison Magic
  8810 | D:9      | Found Dupnof's Weapon Shoppe.
  9144 | D:9      | Found a staircase to the Orcish Mines.
  9290 | D:10     | Entered Level 10 of the Dungeon
  9346 | D:10     | Noticed a two-headed ogre
  9359 | D:10     | Killed a two-headed ogre
  9549 | D:10     | Noticed a death yak
  9560 | D:10     | Killed a death yak
  9604 | D:10     | Noticed a death yak
  9623 | D:10     | Killed a death yak
  9624 | D:10     | Noticed a death yak
  9632 | D:10     | Killed a death yak
  9790 | D:10     | Found a staircase to the Lair.
 10146 | D:10     | Noticed Harold
 10158 | D:10     | Killed Harold
 10769 | Lair:1   | Entered Level 1 of the Lair of Beasts
 10883 | Lair:1   | Noticed Sonja
 10892 | Lair:1   | Killed Sonja
 10893 | Lair:1   | Reached XP level 12. HP: 97/97 MP: 22/22
 12383 | D:1      | Bought a crude plate armour for 588 gold pieces
 12383 | D:1      | Identified the +2 plate armour "Epteled" {Str+2 Stlth+}
                  | (You bought it in a shop on level 1 of the Dungeon)
 12657 | Lair:2   | Reached skill level 10 in Fighting
 12657 | Lair:2   | Reached skill level 10 in Axes
 13126 | Lair:2   | Found a hole to the Spider Nest.
 13129 | Lair:2   | Received a gift from Trog
 13404 | Lair:2   | Noticed an eight-headed hydra
 13417 | Lair:2   | Killed an eight-headed hydra
 13546 | Lair:2   | Reached XP level 13. HP: 104/104 MP: 24/24
 14107 | Lair:3   | Found a frozen archway.
 14119 | IceCv    | Entered an ice cave
 14749 | IceCv    | Received a gift from Trog
 15261 | IceCv    | Noticed a reaper
 15768 | IceCv    | Killed a reaper
 15873 | IceCv    | Identified the +10 dagger "Lijafuil" {flame, Str+4 Int+3}
 16544 | Lair:3   | Found a staircase to the Shoals.
 17268 | Lair:4   | Found a staircase to the Slime Pits.
 17634 | Lair:4   | Reached skill level 10 in Armour
 17634 | Lair:4   | Reached skill level 10 in Dodging
 18100 | Lair:4   | Reached XP level 14. HP: 94/113 MP: 26/26
 18195 | Lair:4   | Found the +7 great mace "Firestarter" {flame, immolate,
                  | rFlCloud rF++}
 18669 | Lair:5   | Entered Level 5 of the Lair of Beasts
 18806 | Lair:5   | Reached skill level 10 in Invocations
 19856 | Lair:5   | Found a large runed translucent door.
 19856 | Lair:5   | Found a large runed translucent door.
 20245 | Lair:5   | Found a blossoming altar of Fedhas.
 20331 | Lair:5   | Received a gift from Trog
 22221 | D:11     | Found an ancient bone altar of Kikubaaqudgha.
 22271 | D:11     | Identified the +5 trident "Urigun" {heavy, Dex+7}
 22471 | D:12     | Noticed Snorg
 22481 | D:12     | Killed Snorg
 22740 | D:12     | Reached XP level 15. HP: 114/120 MP: 26/28
 22753 | D:12     | Noticed Frances
 22810 | D:12     | Found the +7 Kryia's mail coat {PotionHeal*2 rC+}
 22970 | D:12     | Killed Frances
 23376 | D:13     | Found a gate leading to a gauntlet.
 23395 | Gauntlet | Entered a Gauntlet
 23395 | Gauntlet | Found a transporter.
 23405 | Gauntlet | Found a transporter.
 23420 | Gauntlet | Found a transporter.
 23425 | Gauntlet | Found a transporter.
 23440 | Gauntlet | Found a transporter.
 23459 | Gauntlet | Found a transporter.
 23471 | Gauntlet | Found a transporter.
 23483 | Gauntlet | Found a transporter.
 23495 | Gauntlet | Found a transporter.
 23501 | Gauntlet | Found a transporter.
 23501 | Gauntlet | Found a transporter.
 23516 | Gauntlet | Found a transporter.
 23533 | Gauntlet | Found a transporter.
 23553 | Gauntlet | Found a transporter.
 23578 | Gauntlet | Found a transporter.
 23580 | Gauntlet | Found a transporter.
 23600 | Gauntlet | Found a transporter.
 23680 | Gauntlet | Found a transporter.
 23809 | Gauntlet | Reached skill level 10 in Short Blades
 23809 | Gauntlet | Reached skill level 10 in Long Blades
 23809 | Gauntlet | Reached skill level 10 in Maces & Flails
 23809 | Gauntlet | Reached skill level 10 in Polearms
 23809 | Gauntlet | Reached skill level 10 in Staves
 23809 | Gauntlet | Reached skill level 10 in Ranged Weapons
 23809 | Gauntlet | Reached skill level 10 in Throwing
 23809 | Gauntlet | Reached skill level 10 in Stealth
 23809 | Gauntlet | Reached skill level 10 in Shields
 23809 | Gauntlet | Reached skill level 10 in Unarmed Combat
 23809 | Gauntlet | Reached skill level 10 in Spellcasting
 23809 | Gauntlet | Reached skill level 10 in Evocations
 23829 | Gauntlet | Identified the +10 scimitar of Darkness {drain, rElec rPois
                  | rC++ Will+}
 24062 | Gauntlet | Identified the amulet of Darkness {Spirit Regen+ Int+3}
 24474 | D:13     | Identified the +0 robe of Boredom {-Cast Will+ Stlth+}
 24711 | D:13     | Found a gate to the Vaults.
 24860 | D:13     | Noticed Kirke
 24873 | D:13     | Killed Kirke
 24876 | D:13     | Found Ripon's Jewellery Emporium.
 25260 | D:14     | Noticed Louise
 25274 | D:14     | Killed Louise
 25686 | D:14     | Found Socsagudgh's Armour Emporium.
 25799 | D:14     | Received a gift from Trog
 26161 | D:15     | Entered Level 15 of the Dungeon
 26341 | D:15     | Identified the +9 flail of Prudence {flame, rF+ Str+3
                  | Dex-2}
 26378 | D:15     | Found a staircase to the Depths.
 26943 | D:15     | Reached XP level 16. HP: 74/129 MP: 20/30
 27915 | D:15     | Reached skill level 10 in Shapeshifting
 27985 | D:15     | Slain by a vampire knight

Illustrated notes

Levels and vault maps discovered:
D:1:      minmay_arrival_diagonal_passages, layout_basic, serial_shops,
          nicolae_shop_tiny_waterfront, shop, amcnicky_mini_corridor_feature
D:2:      layout_basic, shapermc_ecumenical_altar_pompeii, minmay_pentomino_r2
D:3:      layout_loops_cross, lemuel_coloured_pillars_altar,
          mainiacjoe_overflow_catwalk
D:4:      layout_basic, gammafunk_ghost_icy, serial_glass, glass_columns_a,
          glass_columns_a, glass_columns_a, glass_columns_b, glass_columns_a,
          glass_columns_a, kennysheep_decorative_pillar, serial_park_tiny_1,
          uniq_crazy_yiuf_cottage, uniq_natasha
D:5:      layout_basic, minmay_temple_entry_sparse_star,
          nicolae_ossuary_entry_catacombs, ebering_ghost_sewer_f, minmay_puff,
          uniq_eustachio
D:6:      cheibrodos_iron_armory, layout_rooms,
          nzn_overflow_gifts_of_might_and_magic,
          mainiacjoe_overflow_catch_the_wave, ebering_ghost_disaster_area,
          minmay_circle_x
D:7:      layout_basic, kennysheep_slug_shrine, ebering_dispersal_statue_hall,
          uniq_duvessa, uniq_joseph, uniq_maurice
D:8:      layout_cave_pods
D:9:      layout_irregular_city, orc_0_dummy, serial_shops,
          nicolae_shop_hallway_stairs
D:10:     layout_stronghold, dpeg_lair_monsters, feat_on_display, uniq_harold
D:11:     layout_roguey, lemuel_zombie_altar_kikubaaqudgha
D:12:     layout_cave_pools, minmay_variable_closet, uniq_snorg, uniq_frances
D:13:     layout_basic, grunt_vaults_entry_tiered, gauntlet_entry_generic,
          serial_glass, glass_columns_c, glass_columns_c, serial_shops, shop,
          uniq_kirke
D:14:     layout_irregular_city, nicolae_wwwww, serial_shops, shop,
          solitary_fountain, uniq_louise
D:15:     grunt_enter_depths_snipers, layout_irregular_city,
          hangedman_abyss_or_decor_passed, evilmike_minifort
Lair:1:   layout_roguey, serial_bayou_lagoon_b, grunt_megastairs_5,
          serial_bayou_shore_b, uniq_sonja
Lair:2:   layout_regular_city, nicolae_spider_entry_lesser_pyramids,
          kennysheep_abandoned_house, lemuel_fruit_tree
Lair:3:   layout_gridlike, elwin_shoals_entry_stream, portal_ice_cave_rime,
          st_stairs_7, serial_bayou_shore_b
Lair:4:   layout_gridlike, nicolae_slime_entry_slimehenge, serial_rivers,
          chequers_serial_rivers_large_b, chequers_serial_rivers_micro_c,
          chequers_serial_rivers_small_b, chequers_serial_rivers_marsh,
          chequers_serial_rivers_micro_e, chequers_serial_rivers_small_a,
          serial_bayou_shore_b, grunt_megastairs_3
Lair:5:   cheibrodos_lair_end_hotspot, layout_regular_city,
          chequers_serial_rivers_micro_b, tgw_fedhas

Skill      XL: |  1  2  3  4  5  6  7  8  9 10 11 12 13 14 15 16 |
---------------+-------------------------------------------------+-----
Invocations    | 1 2 3 4 5 6 7 8 9 10 11 | 11.9
Short Blades   | 1 2 3 4 5 7 8 9 10 | 10.9
Long Blades    | 1 2 3 4 5 7 8 9 10 | 10.9
Maces & Flails | 1 2 3 4 5 7 8 9 10 | 10.9
Polearms       | 1 2 3 4 5 7 8 9 10 | 10.9
Staves         | 1 2 3 4 5 7 8 9 10 | 10.9
Ranged Weapons | 1 2 3 4 5 7 8 9 10 | 10.9
Throwing       | 1 2 3 4 5 7 8 9 10 | 10.9
Stealth        | 1 2 3 4 5 7 8 9 10 | 10.9
Shields        | 1 2 3 4 5 7 8 9 10 | 10.9
Unarmed Combat | 1 2 3 4 5 7 8 9 10 | 10.9
Spellcasting   | 1 2 3 4 5 7 8 9 10 | 10.9
Evocations     | 1 2 3 4 5 7 8 9 10 | 10.9
Shapeshifting  | 1 2 3 4 5 6 7 8 9 10 | 10.0
Conjurations   | 1 2 3 4 5 6 7 8 9 |  9.2
Hexes          | 1 2 3 4 5 6 7 8 9 |  9.2
Summonings     | 1 2 3 4 5 6 7 8 9 |  9.2
Necromancy     | 1 2 3 4 5 6 7 8 9 |  9.2
Translocations | 1 2 3 4 5 6 7 8 9 |  9.2
Transmutations | 1 2 3 4 5 6 7 8 9 |  9.2
Fire Magic     | 1 2 3 4 5 6 7 8 9 |  9.2
Ice Magic      | 1 2 3 4 5 6 7 8 9 |  9.2
Air Magic      | 1 2 3 4 5 6 7 8 9 |  9.2
Earth Magic    | 1 2 3 4 5 6 7 8 9 |  9.2
Poison Magic   | 1 2 3 4 5 6 7 8 9 |  9.2
Armour         | 5 6 7 8 9 10 11 | 11.8
Dodging        | 5 6 7 8 9 10 11 | 11.8
Fighting       | 7 8 9 10 11 12 | 12.6
Axes           | 7 8 9 10 11 12 | 12.6

Action                     |  1- 3 |  4- 6 |  7- 9 | 10-12 | 13-15 | 16-18 || total
---------------------------+-------+-------+-------+-------+-------+-------++-------
  Melee: Hand axe          |   118 |   164 |   516 |       |       |       ||   798
         Bite              |     7 |    10 |    68 |    65 |   111 |     5 ||   266
         Punch             |     2 |     4 |    19 |    15 |    28 |     2 ||    70
         War axe           |       |       |    58 |   210 |   308 |    48 ||   624
         Unarmed           |       |       |    14 |    30 |       |       ||    44
         Battleaxe         |       |       |       |   316 |       |       ||   316
         Morningstar       |       |       |       |     7 |       |       ||     7
         Great mace        |       |       |       |       |   490 |       ||   490
         Dire flail        |       |       |       |       |       |    47 ||    47
  Throw: Dart              |       |       |       |    74 |   124 |     9 ||   207
         Boomerang         |       |       |       |     6 |    59 |       ||    65
         Javelin           |       |       |       |       |       |     3 ||     3
 Invoke: Berserk           |     1 |     3 |     8 |    15 |    16 |     3 ||    46
         Trog's Hand       |       |       |     2 |     6 |    14 |     3 ||    25
         Brothers in Arms  |       |       |       |       |     1 |       ||     1
  Evoke: Wand              |       |       |       |     7 |    23 |       ||    30
    Use: Potion            |       |     1 |       |       |     1 |       ||     2
         Scroll            |       |       |    19 |     4 |     7 |       ||    30
   Stab: Sleeping          |       |     1 |       |       |     3 |       ||     4
         Distracted        |       |       |       |       |       |     1 ||     1
 Armour: Animal skin       |    22 |       |       |       |       |       ||    22
         Ring mail         |    34 |    94 |    20 |    13 |    59 |       ||   220
         Chain mail        |       |       |   329 |   437 |   653 |       ||  1419
         Ice dragon scales |       |       |       |       |     1 |       ||     1
         Scale mail        |       |       |       |       |   162 |   100 ||   262
  Dodge: Dodged            |    74 |    93 |   265 |   325 |   730 |    96 ||  1583

Table legend: (Time is in decaauts)
 A = Elapsed time spent in this place.
 B = Non-inter-level travel time spent in this place.
 C = Inter-level travel time spent in this place.
 D = Time resting spent in this place.
 E = Time spent auto-exploring this place.
 F = Levels seen in this place.
 G = Mean time per level.
                   A        B        C        D        E       F      G
               +--------+--------+--------+--------+--------+-----+--------+
         Total |  28529 |  26642 |   1887 |   3742 |  17009 |  23 | 1240.4 |
       Dungeon |  16668 |  15065 |   1603 |   1974 |   9583 |  15 | 1111.2 |
          Lair |   8609 |   8326 |    283 |    864 |   6035 |   5 | 1721.8 |
       Ossuary |    295 |    295 |      0 |     10 |     96 |   1 |  295.0 |
      Ice Cave |   1998 |   1998 |      0 |    892 |    704 |   1 | 1998.0 |
      Gauntlet |    959 |    959 |      0 |      0 |    589 |   1 |  959.0 |
               +--------+--------+--------+--------+--------+-----+--------+

Top non-repeatable levels by time:
  Lair:5: 2600 daAuts
   IceCv: 1998 daAuts
    D:15: 1822 daAuts
     D:4: 1759 daAuts
  Lair:4: 1697 daAuts
     D:5: 1662 daAuts
    D:10: 1535 daAuts
  Lair:2: 1495 daAuts
  Lair:1: 1426 daAuts
  Lair:3: 1391 daAuts
     D:1: 1118 daAuts
    D:14: 1023 daAuts
     D:7: 1010 daAuts
     D:6: 981 daAuts
    D:11: 962 daAuts
